 Dungeon Crawl Stone Soup version 0.18.1-5-g4a78601 (webtiles) character file.

23 Mefis the Magician (level 2, -3/15 HPs)
             Began as a Deep Elf Wizard on May 12, 2016.
             Slain by a worm (12 damage)
             ... on level 2 of the Dungeon.
             The game lasted 00:02:34 (1072 turns).

Mefis the Magician (Deep Elf Wizard)                Turns: 1072, Time: 00:02:35

Health: -3/15      AC:  3    Str:  4    XL:     2   Next: 75%
Magic:  1/10       EV: 12    Int: 22    God:
Gold:   31         SH:  0    Dex: 13    Spells: 4 memorised, 4 levels left

rFire  . . .     SeeInvis .     j - +0 dagger
rCold  . . .     Gourm    .     a - +0 robe
rNeg   . . .     Faith    .     (no shield)
rPois  .         Spirit   .     b - +0 hat
rElec  .         Dismiss  .     g - +0 cloak
rCorr  .         Reflect  .     (no gloves)
SustAt .         Harm     .     (no boots)
MR     .....                    (no amulet)
Stlth  ++........               (no ring)
                                h - ring of wizardry

@: very slightly contaminated, not resistant to hostile enchantments, unstealthy
A: no striking features
a: no special abilities


You were on level 2 of the Dungeon.
You were not hungry.

You visited 1 branch of the dungeon, and saw 2 of its levels.

You collected 31 gold pieces.

Inventory:

Hand Weapons
 j - a +0 dagger (weapon)
Armour
 a - a +0 robe (worn)
 b - a +0 hat (worn)
 g - a +0 cloak (worn)
Jewellery
 h - a ring of wizardry (left hand)
Scrolls
 f - a scroll of enchant armour {unknown}
 i - a scroll of identify {unknown}
 k - a scroll of remove curse {unknown}
 l - a scroll of teleportation {unknown}
 m - a scroll of blinking {unknown}
Potions
 e - a potion of heal wounds {unknown}
 n - a potion of flight {unknown}
Books
 c - a book of Minor Magic

   Spells                             Type                      Level
   a - Magic Dart                     Conjuration                  1
   b - Blink                          Translocation                2
   c - Call Imp                       Summoning                    2
   d - Repel Missiles                 Charms/Air                   2
   e - Slow                           Hexes                        2
   f - Conjure Flame                  Conjuration/Fire             3
   g - Mephitic Cloud                 Conjuration/Poison/Air       3
Comestibles
 d - 2 bread rations


   Skills:
 + Level 2.5 Dodging
 + Level 2.6 Stealth
 + Level 5.4 Spellcasting
 * Level 1.4 Conjurations
 + Level 1.1 Summonings
 + Level 1.1 Translocations


You had 4 spell levels left.
You knew the following spells:

 Your Spells              Type           Power        Failure   Level  Hunger
a - Magic Dart            Conj           ##..         3%          1    None
b - Call Imp              Summ           ##......     4%          2    None
c - Blink                 Tloc           N/A          4%          2    None
d - Repel Missiles        Chrm/Air       #.....       7%          2    None


Dungeon Overview and Level Annotations

Branches:
Dungeon (2/15)

Altars:


Message History

A beastly little devil appears in a puff of flame.
Your crimson imp hits the worm.
Your crimson imp hits the worm.
The worm bites you.
Your crimson imp hits the worm.
You barely miss the worm.
The worm is heavily wounded.
Your crimson imp hits the worm.
The worm closely misses your crimson imp.
You hit the worm.
The worm is severely wounded.
Your crimson imp barely misses the worm.
You hit the worm but do no damage.
The worm is severely wounded.
The worm bites you.
Your crimson imp blinks!
You hit the worm.
The worm is severely wounded.
The worm bites you!
Ouch! That really hurt!
You die...

###.#†##.#.#...## ...#.##.#<#....
##........#..###.#. ########## .
#.........#........ ..........
..##.................. ##...####
#....................#.
##...######.###...#.###.#.#.)....
.+...'......###..5..........##...
##...#####......@............# ..
#...#####.......w............. .
#.......#................#.###
##.......#..#.#...............
.........'..................###
###.#....#..#....†..#.#.#.#.#
#[#....#..###...#.#.#.#....
..........# #.#........ ..
##.#######)# #.#.......#.


You could see a worm and a friendly crimson imp.

Vanquished Creatures
  A dart slug (D:1)
  2 giant geckos
  A goblin (D:1)
  A hobgoblin (D:1)
  3 jackals (D:1)
  A ball python (D:1)
  6 bats
  5 rats (D:1)
20 creatures vanquished.

Notes
Turn   | Place    | Note
--------------------------------------------------------------
     0 | D:1      | Mefis the Deep Elf Wizard began the quest for the Orb.
     0 | D:1      | Reached XP level 1. HP: 10/10 MP: 7/7
   412 | D:1      | Reached skill level 5 in Spellcasting
   442 | D:1      | Reached XP level 2. HP: 15/15 MP: 8/10
   454 | D:1      | Learned a level 2 spell: Call Imp
   457 | D:1      | Learned a level 2 spell: Blink
   460 | D:1      | Learned a level 2 spell: Repel Missiles
  1072 | D:2      | Slain by a worm

Skill      XL: |  1 |
---------------+----+-----
Spellcasting   | 5 |  5.4
Dodging        | |  2.5
Stealth        | |  2.6
Conjurations   | |  1.4
Summonings     | |  1.1
Translocations | |  1.1

Action                   || total
-------------------------++-------
Melee: Dagger            ||     6
 Cast: Magic Dart        ||    48
       Call Imp          ||     1
Armor: Robe              ||     6
Dodge: Dodged            ||     8
